[Event "Titled Tuesday Blitz November 07 Late 2023"]
[White "Nilsen, Tobias Lang"]
[Black "Senft, Sean"]
[WhiteFideId "1521624"]
[BlackFideId "2044960"]
[WhiteElo "2495"]
[BlackElo "2310"]
[Result "1-0"]
[Round "2"]
[TimeControl "180+1"]
[Date "2023.11.07"]
[WhiteClock "0:02:18"]
[BlackClock "0:02:34"]
[Board "127"]

1. e4 c6 2. Nc3 d5 3. Nf3 d4 4. Ne2 c5 5. c3 Nc6 6. cxd4 cxd4 7. Qa4 d3 8. Ned4 Bd7 9. Bxd3 Ne5 10. Bb5 Nxf3+ 11. Nxf3 e6 12. Bxd7+ Qxd7 13. Qxd7+ Kxd7 14. O-O Nf6 15. Re1 Rc8 16. d4 Bb4 17. Re2 Rc6 18. a3 Ba5 19. Ne5+ Ke7 20. Nxc6+ bxc6 21. b4 Bb6 22. Bb2 Rd8 23. Rd1 a5 24. f3 axb4 25. axb4 Nh5 26. g3 Rb8 27. Kg2 Nf6 28. Rc2 Kd7 29. Rdc1 Rc8 30. b5 c5 31. dxc5 Bxc5 32. Rxc5 Rxc5 33. Rxc5 Nxe4 34. fxe4 1-0


[Site "https://www.chess.com"]

[Event "Titled Tuesday Blitz November 07 Late 2023"]
[White "elmusmolamas"]
[Black "Andersson, Bjorn 1971"]
[BlackFideId "1702114"]
[WhiteElo "2492"]
[BlackElo "2304"]
[Result "1-0"]
[Round "2"]
[TimeControl "180+1"]
[Date "2023.11.07"]
[WhiteClock "0:00:10"]
[BlackClock "0:00:00"]
[Board "128"]

1. e4 c5 2. Nf3 Nc6 3. g3 d6 4. Bg2 Bd7 5. O-O Qc8 6. Re1 Bh3 7. Bh1 h5 8. c3 g6 9. d4 h4 10. dxc5 hxg3 11. fxg3 dxc5 12. Be3 e5 13. Ng5 Bg4 14. Qd5 Nh6 15. Rf1 Be6 16. Nxe6 Qxe6 17. Qxe6+ fxe6 18. Bf3 O-O-O 19. Be2 Rd7 20. Na3 Be7 21. Rad1 Rxd1 22. Bxd1 g5 23. Bb3 Nd8 24. h3 a6 25. Nc4 Nc6 26. Nd2 b5 27. Bxe6+ Kc7 28. g4 Kd6 29. Bd5 c4 30. Kg2 Bd8 31. Nf3 Ne7 32. Bxg5 Nxd5 33. Rd1 Ke6 34. Rxd5 Bc7 35. Bxh6 Rxh6 36. g5 Rh8 37. h4 Rf8 38. Kg3 Rf4 39. Nd2 Bd6 40. g6 Be7 41. h5 Bh4+ 42. Kh3 Bf6 43. Kg3 Bh4+ 44. Kg2 Bf6 45. Rc5 Rh4 46. Rc6+ Ke7 47. Rc7+ Ke6 48. Nf3 Rxh5 49. g7 Bxg7 50. Rxg7 Rh8 51. Rg6+ Kd7 52. Rxa6 Rg8+ 53. Kf2 Re8 54. Ke3 Kc7 55. Rf6 Kb7 56. a3 Rh8 57. Nxe5 Rh2 58. Kd4 Rxb2 59. Kc5 Rb3 60. Rb6+ Kc7 61. Rxb5 Rxc3 62. a4 Ra3 63. a5 c3 64. Kd4 c2 65. Rc5+ Kd6 66. Nd3 Ra4+ 67. Ke3 Ra3 68. Rxc2 Rxa5 69. Rh2 Ra3 70. Rh6+ Ke7 71. e5 Kf7 72. Ke4 Kg7 73. Rb6 Kf7 74. Nc5 Ke7 75. Kd5 Kd8 76. Rb7 Kc8 77. Rh7 Ra1 78. e6 Kd8 79. Ke5 Re1+ 80. Ne4 Ke8 81. Ra7 Rd1 82. Kf6 Rf1+ 83. Kg6 Kf8 84. Ng3 Rg1 85. Kf6 1-0


[Site "https://www.chess.com"]

[Event "Titled Tuesday Blitz November 07 Late 2023"]
[White "MclarenF1LM"]
[Black "Zampronha, Wladimir Camilo"]
[BlackFideId "2103087"]
[WhiteElo "2491"]
[BlackElo "2302"]
[Result "0-1"]
[Round "2"]
[TimeControl "180+1"]
[Date "2023.11.07"]
[WhiteClock "0:00:19"]
[BlackClock "0:00:22"]
[Board "129"]

1. e4 c5 2. Nc3 Nc6 3. g3 e6 4. Bg2 g6 5. d3 Bg7 6. Be3 Nd4 7. Qd2 Nf6 8. h3 O-O 9. Nd1 d5 10. c3 dxe4 11. cxd4 cxd4 12. Bg5 exd3 13. Qxd3 e5 14. Ne2 Bf5 15. Qd2 Qd7 16. g4 Be6 17. Ng3 Nd5 18. O-O f6 19. Bh6 Bxh6 20. Qxh6 Nf4 21. b3 Rac8 22. Nb2 Rc2 23. Nc4 Bxc4 24. bxc4 Nxg2 25. Kxg2 Rxc4 26. Qd2 Rfc8 27. Qd3 Rc3 28. Qe4 Qc6 29. Qxc6 R8xc6 30. Rab1 b6 31. Rb2 Kf7 32. Re1 Rc2 33. Re2 Rxe2 34. Nxe2 Ke6 35. Kf3 Kd5 36. Rb5+ Rc5 37. Rb3 e4+ 38. Kf4 Ra5 39. a3 g5+ 40. Kg3 d3 41. Nc3+ Kc4 42. Rb4+ Kxc3 43. Rxe4 d2 0-1


[Site "https://www.chess.com"]

[Event "Titled Tuesday Blitz November 07 Late 2023"]
[White "Musovic, Armin"]
[Black "Colivet Gamboa, Julio Cesar"]
[WhiteFideId "939935"]
[BlackFideId "3949583"]
[WhiteElo "2491"]
[BlackElo "2301"]
[Result "1-0"]
[Round "2"]
[TimeControl "180+1"]
[Date "2023.11.07"]
[WhiteClock "0:00:17"]
[BlackClock "0:00:09"]
[Board "130"]

1. a3 Nf6 2. Nf3 g6 3. Nc3 Bg7 4. e4 O-O 5. Bc4 d6 6. d3 Nc6 7. Ba2 e6 8. O-O b6 9. Bg5 Bb7 10. Re1 Qd7 11. Qd2 Rfe8 12. h3 e5 13. Ne2 d5 14. Bxf6 Bxf6 15. Bxd5 Rad8 16. Qh6 Bg7 17. Qh4 h6 18. Qg3 Kh7 19. h4 f5 20. h5 g5 21. Nc3 f4 22. Qh2 Bc8 23. Rad1 Ne7 24. Bb3 c5 25. Ba4 Nc6 26. Nd5 Qd6 27. c4 Bg4 28. Bxc6 Qxc6 29. Qh1 Qd7 30. Rc1 Qf7 31. Nh2 Bxh5 32. f3 Rd6 33. Rf1 Rg8 34. Ng4 Bh8 35. b4 cxb4 36. axb4 Bxg4 37. fxg4 Qd7 38. Qh3 Rc8 39. Kh2 h5 40. gxh5 g4 41. Qh4 Rh6 42. c5 bxc5 43. bxc5 Rcc6 44. Kg1 Qc8 45. Qg5 Rxc5 46. Ra1 a6 47. Rfb1 Bg7 48. Ne7 Qd8 49. Qf5+ Kh8 50. Ng6+ Kg8 51. Rb7 Qd4+ 52. Kh2 Qxa1 53. Qf7+ Kh7 54. Qxg7# 1-0


[Site "https://www.chess.com"]

[Event "Titled Tuesday Blitz November 07 Late 2023"]
[White "ilya2700"]
[Black "Czerw, Dawid"]
[BlackFideId "1145746"]
[WhiteElo "2301"]
[BlackElo "2487"]
[Result "0-1"]
[Round "2"]
[TimeControl "180+1"]
[Date "2023.11.07"]
[WhiteClock "0:00:00"]
[BlackClock "0:00:43"]
[Board "131"]

1. d4 d5 2. c4 c6 3. Nf3 Nf6 4. Nc3 a6 5. cxd5 cxd5 6. Bf4 Nc6 7. e3 Bg4 8. Bd3 e6 9. Rc1 Bd6 10. Bg3 O-O 11. O-O Bxg3 12. hxg3 Qe7 13. Qb3 b5 14. Nxd5 Nxd5 15. Rxc6 Bxf3 16. gxf3 Qg5 17. Be4 Nf6 18. Rc5 Qh6 19. Bxa8 Rxa8 20. Rfc1 g5 21. Rc8+ Rxc8 22. Rxc8+ Kg7 23. Qb4 Qh5 24. Kg2 g4 25. Qf8+ Kg6 26. f4 Qd5+ 27. Kg1 Qf3 28. Rc7 Qd1+ 29. Kh2 Qf1 30. Qxf7+ Kf5 31. Rc5+ Ke4 32. Qxe6+ Kf3 33. Qc6+ Ne4 34. Qxe4+ Kxe4 0-1


[Site "https://www.chess.com"]

[Event "Titled Tuesday Blitz November 07 Late 2023"]
[White "Novik, Maxim"]
[Black "Coelho, Ramyres Santana"]
[WhiteFideId "4102924"]
[BlackFideId "2120690"]
[WhiteElo "2487"]
[BlackElo "2296"]
[Result "1-0"]
[Round "2"]
[TimeControl "180+1"]
[Date "2023.11.07"]
[WhiteClock "0:00:47"]
[BlackClock "0:00:02"]
[Board "132"]

1. e4 c5 2. Nc3 Nc6 3. Bb5 Nd4 4. Nf3 Nxb5 5. Nxb5 a6 6. Nc3 e6 7. d4 cxd4 8. Qxd4 d6 9. Bg5 f6 10. Be3 Ne7 11. O-O-O Nc6 12. Qd2 Be7 13. Kb1 O-O 14. h4 b5 15. h5 b4 16. Ne2 Ne5 17. Nxe5 fxe5 18. Qxb4 Bd7 19. Rxd6 Bxd6 20. Qxd6 Bb5 21. Qxd8 Raxd8 22. Nc3 Bc6 23. h6 g6 24. f3 Rd7 25. Kc1 Rfd8 26. Nd1 Bb5 27. Nf2 Be2 28. b3 Rc8 29. Kb2 Rdc7 30. Rc1 Bb5 31. Ng4 a5 32. a4 Bxa4 33. bxa4 Rb7+ 34. Ka3 Rc3+ 35. Ka2 Rc4 36. Ka3 Rc3+ 37. Ka2 Rc4 38. Bc5 Rxc5 39. c4 Rb4 40. Nf6+ Kf7 41. Nd7 Rxa4+ 42. Kb3 Rb4+ 43. Ka3 Rc7 44. Nxe5+ Ke7 45. Rd1 Kf6 46. f4 g5 47. g3 gxf4 48. gxf4 Rcb7 49. Nd7+ Kg6 50. Rd3 Rb1 51. Ne5+ Kxh6 52. Ka2 R1b2+ 53. Ka3 Rb1 54. Ka4 Ra1+ 55. Ra3 Rxa3+ 56. Kxa3 Rb1 57. c5 Re1 58. c6 Rxe4 59. c7 Re3+ 60. Kb2 Re2+ 61. Kc1 Re1+ 62. Kd2 Re4 63. c8=Q Rxf4 64. Qg8 Rd4+ 65. Ke3 Rh4 66. Nf7+ Kh5 67. Qg5# 1-0


[Site "https://www.chess.com"]

[Event "Titled Tuesday Blitz November 07 Late 2023"]
[White "dodoucb"]
[Black "Osmonbekov, Talaibek"]
[BlackFideId "2017253"]
[WhiteElo "2486"]
[BlackElo "2296"]
[Result "1-0"]
[Round "2"]
[TimeControl "180+1"]
[Date "2023.11.07"]
[WhiteClock "0:02:20"]
[BlackClock "0:00:00"]
[Board "133"]

1. d4 e6 2. Nf3 f5 3. c4 Nf6 4. g3 Be7 5. Bg2 O-O 6. O-O d6 7. Nc3 a5 8. Bf4 Nc6 9. a3 Nh5 10. Qc2 Bf6 11. Rad1 Qe8 12. Nb5 Qf7 13. d5 e5 14. dxc6 exf4 15. Nfd4 Bxd4 16. Nxd4 bxc6 17. Bxc6 Be6 18. Nxe6 fxg3 19. hxg3 Qg6 20. Bxa8 Rxa8 21. Nd4 Rf8 22. Qd3 Qg5 23. Nf3 Qg4 24. Qd5+ Kh8 25. Qe6 h6 26. Rd4 1-0


[Site "https://www.chess.com"]

[Event "Titled Tuesday Blitz November 07 Late 2023"]
[White "Mesa Cruz, Juan Carlos"]
[Black "Minko, Dmitry"]
[WhiteFideId "6423400"]
[BlackFideId "24188468"]
[WhiteElo "2292"]
[BlackElo "2485"]
[Result "1-0"]
[Round "2"]
[TimeControl "180+1"]
[Date "2023.11.07"]
[WhiteClock "0:01:30"]
[BlackClock "0:01:47"]
[Board "134"]

1. e4 e5 2. Nf3 Nc6 3. Bb5 Nf6 4. d3 Ne7 5. O-O c6 6. Ba4 Ng6 7. Re1 Be7 8. c3 O-O 9. Nbd2 Qc7 10. d4 exd4 11. cxd4 d5 12. e5 Nd7 13. Bc2 Re8 14. Nf1 Ndf8 15. Ng3 f6 16. exf6 Bxf6 17. Rxe8 Ne7 18. Qd3 g6 19. Bh6 Bg7 20. Qe3 Bxh6 1-0


[Site "https://www.chess.com"]

[Event "Titled Tuesday Blitz November 07 Late 2023"]
[White "Remolar Gallen, Jose"]
[Black "Dylag, Emilia"]
[WhiteFideId "2215187"]
[BlackFideId "21805172"]
[WhiteElo "2478"]
[BlackElo "2289"]
[Result "1-0"]
[Round "2"]
[TimeControl "180+1"]
[Date "2023.11.07"]
[WhiteClock "0:01:50"]
[BlackClock "0:01:08"]
[Board "135"]

1. d4 Nf6 2. Nf3 e6 3. e3 d5 4. Bd3 c5 5. b3 Nc6 6. Bb2 cxd4 7. exd4 Bd6 8. O-O O-O 9. a3 Qc7 10. Qe2 b6 11. Nbd2 Bb7 12. Ne5 Bxe5 13. dxe5 Nd7 14. f4 Rae8 15. Rf3 f5 16. exf6 Nxf6 17. Re1 d4 18. Qf2 e5 19. Qh4 exf4 20. Rxe8 Rxe8 21. Rxf4 Re2 22. Bxe2 1-0


[Site "https://www.chess.com"]

[Event "Titled Tuesday Blitz November 07 Late 2023"]
[White "De Souza, Cristiano Gomes"]
[Black "Willy, Stephen"]
[WhiteFideId "2151758"]
[BlackFideId "30981468"]
[WhiteElo "2289"]
[BlackElo "2477"]
[Result "0-1"]
[Round "2"]
[TimeControl "180+1"]
[Date "2023.11.07"]
[WhiteClock "0:00:00"]
[BlackClock "0:00:32"]
[Board "136"]

1. d4 d5 2. c4 Nf6 3. cxd5 Nxd5 4. e4 Nf6 5. Nc3 e5 6. d5 c6 7. Bc4 Bb4 8. Qd3 Na6 9. Be3 Nc5 10. Bxc5 Bxc5 11. Nf3 O-O 12. O-O Qe7 13. Rad1 Bg4 14. h3 Bh5 15. d6 Qd8 16. Nxe5 Bxd1 17. Rxd1 Qa5 18. Nxf7 Rxf7 19. Bxf7+ Kxf7 20. e5 Bxf2+ 21. Kxf2 Qxe5 22. Re1 Qf4+ 23. Kg1 Rd8 24. Re7+ Kf8 25. Rxb7 Rxd6 26. Qe2 Qc1+ 27. Kh2 Qf4+ 28. Kg1 Nd7 29. Rxa7 Rd2 30. Ra8+ Kf7 31. Qf3 Qxf3 32. gxf3 Rxb2 33. Ra7 Ke6 34. Ne4 h6 35. h4 Ne5 36. f4 Nf3+ 37. Kf1 Kf5 38. Nc3 Kxf4 39. Rxg7 Nxh4 40. Rf7+ Ke5 41. Rh7 Nf5 42. Ra7 Kf4 43. Ra4+ Kf3 44. Ke1 Ne3 0-1


[Site "https://www.chess.com"]

[Event "Titled Tuesday Blitz November 07 Late 2023"]
[White "Koc, Przemyslaw"]
[Black "Minina, Veronika"]
[WhiteFideId "1109081"]
[BlackFideId "4174780"]
[WhiteElo "2472"]
[BlackElo "2285"]
[Result "1-0"]
[Round "2"]
[TimeControl "180+1"]
[Date "2023.11.07"]
[WhiteClock "0:01:27"]
[BlackClock "0:00:16"]
[Board "137"]

1. Nf3 Nf6 2. g3 g6 3. Bg2 Bg7 4. O-O O-O 5. d4 d6 6. c4 c6 7. Nc3 Qa5 8. a3 Qh5 9. b4 Bg4 10. Bb2 Nbd7 11. d5 c5 12. Qd3 a5 13. bxa5 Rxa5 14. Nb5 Rfa8 15. Rfe1 Ra4 16. e4 Nb6 17. Rac1 Bh3 18. Bh1 Ng4 19. Bxg7 Kxg7 20. e5 dxe5 21. d6 exd6 22. Qxd6 Nxc4 23. Qxc5 Nxa3 24. Nd6 R4a5 25. Qc7 Qf5 26. Nxf5+ gxf5 27. Ng5 1-0


[Site "https://www.chess.com"]

[Event "Titled Tuesday Blitz November 07 Late 2023"]
[White "Belanoff, Ted"]
[Black "Baches Garcia, Guillermo"]
[WhiteFideId "2070588"]
[BlackFideId "2209764"]
[WhiteElo "2283"]
[BlackElo "2472"]
[Result "0-1"]
[Round "2"]
[TimeControl "180+1"]
[Date "2023.11.07"]
[WhiteClock "0:00:52"]
[BlackClock "0:00:47"]
[Board "138"]

1. b4 d5 2. Bb2 Bf5 3. d3 e6 4. a3 Nf6 5. Nd2 h6 6. g3 c6 7. Bg2 a5 8. c3 Nbd7 9. e4 Bh7 10. Ne2 Ne5 11. d4 Nd3+ 12. Kf1 Nxb2 13. Qc2 Nc4 14. Nxc4 dxc4 15. Qa2 axb4 16. e5 Nd5 17. Qxc4 bxa3 18. Nf4 Be7 19. Bf3 Qa5 20. Kg2 O-O 21. Rhc1 Rfc8 22. Nh5 Bf8 23. g4 Bg6 24. Ng3 Bd3 25. Qb3 b5 26. Qd1 Bh7 27. Bxd5 cxd5 28. Qf3 b4 29. g5 hxg5 30. Qe3 Be7 31. Nh5 Bg6 32. Ng3 Rxc3 33. Rxc3 bxc3 34. f4 gxf4 35. Qxf4 c2 36. h4 Qc3 37. Rf1 Rf8 38. h5 a2 39. h6 a1=Q 40. hxg7 Kxg7 41. Rf3 Qxf3+ 42. Qxf3 c1=Q 43. Nh5+ Bxh5 44. Qg3+ Bg5 0-1


[Site "https://www.chess.com"]

[Event "Titled Tuesday Blitz November 07 Late 2023"]
[White "Lekic, Dusan"]
[Black "Awoki, Daniel Teidi"]
[WhiteFideId "905330"]
[BlackFideId "2100827"]
[WhiteElo "2469"]
[BlackElo "2282"]
[Result "0-1"]
[Round "2"]
[TimeControl "180+1"]
[Date "2023.11.07"]
[WhiteClock "0:00:39"]
[BlackClock "0:00:21"]
[Board "139"]

1. d4 Nf6 2. c4 e6 3. Nc3 d5 4. Bg5 Nbd7 5. e3 Be7 6. Rc1 c6 7. Bd3 O-O 8. Nf3 a6 9. a3 dxc4 10. Bxc4 b5 11. Ba2 c5 12. O-O cxd4 13. Nxd4 Bb7 14. Qe2 Qb6 15. Rfd1 Rfe8 16. e4 Rac8 17. e5 Nd5 18. Nxd5 Bxd5 19. Bxd5 Bxg5 20. Rxc8 Rxc8 21. Be4 Rc1 22. Rxc1 Bxc1 23. Nf3 Qc5 24. Bxh7+ Kxh7 25. Qd3+ Kg8 26. Qxd7 Bxb2 27. Qd8+ Kh7 28. Qd3+ Kg8 29. h4 Qxa3 30. Qd8+ Qf8 31. Qd3 Bc1 32. h5 Qc8 33. g4 b4 34. g5 a5 35. g6 fxg6 36. hxg6 a4 37. Nd4 b3 38. Qh3 Bh6 39. Nxb3 axb3 40. Qxb3 Qc1+ 41. Kh2 Qf4+ 42. Kg2 Qg5+ 43. Kf3 Qf5+ 0-1


[Site "https://www.chess.com"]

[Event "Titled Tuesday Blitz November 07 Late 2023"]
[White "Dodaro, Mattia"]
[Black "Ahmad, Khagan"]
[WhiteFideId "28583400"]
[BlackFideId "13431552"]
[WhiteElo "2267"]
[BlackElo "2468"]
[Result "0-1"]
[Round "2"]
[TimeControl "180+1"]
[Date "2023.11.07"]
[WhiteClock "0:00:44"]
[BlackClock "0:01:03"]
[Board "140"]

1. Nf3 Nf6 2. c4 c6 3. e3 d5 4. b3 Bg4 5. Bb2 Nbd7 6. Be2 e6 7. O-O Be7 8. d4 O-O 9. Nbd2 Ne4 10. h3 Bxf3 11. Bxf3 f5 12. Rc1 Bd6 13. cxd5 exd5 14. Nxe4 fxe4 15. Bg4 Nf6 16. b4 Bxb4 17. Qb3 Qb6 18. Be6+ Kh8 19. Rb1 Bd6 20. Qa4 Rae8 21. Ba3 Qd8 22. Bg4 Nxg4 23. hxg4 Bxa3 24. Qxa3 Qb8 25. Qb2 Rf7 26. g3 Qd6 27. Kg2 Ref8 28. Qe2 b6 29. Rh1 Rxf2+ 30. Qxf2 Rxf2+ 31. Kxf2 Qf6+ 32. Kg2 Qf3+ 33. Kh3 Qxe3 34. Rhf1 h6 35. Rf7 Qd2 36. Rxa7 e3 37. Rxb6 e2 38. Rb8+ Kh7 39. Rbb7 Qxd4 40. Re7 Qxa7 0-1


[Site "https://www.chess.com"]

[Event "Titled Tuesday Blitz November 07 Late 2023"]
[White "Ventura Bolet, Maxim"]
[Black "Harish, Neeraj"]
[WhiteFideId "22238824"]
[BlackFideId "30958130"]
[WhiteElo "2466"]
[BlackElo "2260"]
[Result "1-0"]
[Round "2"]
[TimeControl "180+1"]
[Date "2023.11.07"]
[WhiteClock "0:01:30"]
[BlackClock "0:00:02"]
[Board "141"]

1. e4 c5 2. Nf3 Nc6 3. d4 cxd4 4. Nxd4 e5 5. Nb5 d6 6. N1c3 a6 7. Na3 Be7 8. g3 Nf6 9. Nc4 b5 10. Ne3 h5 11. Bg2 h4 12. O-O Be6 13. Ned5 Rb8 14. Nxf6+ Bxf6 15. Nd5 Bg5 16. f4 Bh6 17. Be3 hxg3 18. hxg3 Ne7 19. Qd2 exf4 20. Bxf4 Bxf4 21. Qxf4 Nxd5 22. exd5 g5 23. Qf2 Qb6 24. Qxb6 Rxb6 25. dxe6 fxe6 26. Rf6 Ke7 27. Raf1 Rc6 28. Rf7+ Ke8 29. Bxc6+ 1-0


[Site "https://www.chess.com"]

[Event "Titled Tuesday Blitz November 07 Late 2023"]
[White "Cooper, Aaron"]
[Black "Kovacsy, Barnabas"]
[WhiteFideId "2634945"]
[BlackFideId "769290"]
[WhiteElo "2257"]
[BlackElo "2465"]
[Result "0-1"]
[Round "2"]
[TimeControl "180+1"]
[Date "2023.11.07"]
[WhiteClock "0:00:00"]
[BlackClock "0:01:34"]
[Board "142"]

1. e4 c5 2. Nf3 e6 3. d4 cxd4 4. Nxd4 Nc6 5. Nc3 Qc7 6. Be2 a6 7. O-O Nf6 8. Be3 Bb4 9. Nxc6 bxc6 10. Qd4 c5 11. Qc4 Bb7 12. Bf3 O-O 13. Rfe1 d5 14. exd5 exd5 15. Qf4 Qxf4 16. Bxf4 Rfe8 17. a3 Ba5 18. Rxe8+ Rxe8 19. Na4 c4 20. Nc5 Bc8 21. Rd1 Bb6 22. Na4 Ba7 23. Kf1 Bd7 24. Nc3 d4 25. Nd5 Nxd5 26. Bxd5 Bb5 27. Kg1 d3 28. cxd3 cxd3 29. b3 g5 30. Bg3 d2 0-1


[Site "https://www.chess.com"]

[Event "Titled Tuesday Blitz November 07 Late 2023"]
[White "Meduri, Aakaash"]
[Black "Gertler, David"]
[WhiteFideId "2032252"]
[BlackFideId "2017377"]
[WhiteElo "2464"]
[BlackElo "2257"]
[Result "1-0"]
[Round "2"]
[TimeControl "180+1"]
[Date "2023.11.07"]
[WhiteClock "0:02:03"]
[BlackClock "0:01:05"]
[Board "143"]

1. c4 Nf6 2. g3 e6 3. Bg2 d5 4. Nf3 dxc4 5. Qa4+ Bd7 6. Qxc4 Bc6 7. O-O Nbd7 8. b3 Be7 9. Bb2 O-O 10. d3 Ne8 11. Nbd2 Nd6 12. Qc2 Bf6 13. d4 Qe7 14. e4 e5 15. d5 Bb5 16. Rfe1 Rfc8 17. a4 Ba6 18. Ba3 c5 19. Nc4 b5 20. Na5 b4 21. Nc6 Qe8 22. Bb2 Nb8 23. Ncxe5 c4 24. Nxc4 Bxb2 25. Qxb2 Nxc4 26. bxc4 Rxc4 27. e5 Bb7 28. Nd2 Rc8 29. Qxb4 1-0


[Site "https://www.chess.com"]

[Event "Titled Tuesday Blitz November 07 Late 2023"]
[White "Broca Jimenez, Fernando"]
[Black "victormago"]
[WhiteFideId "5104742"]
[WhiteElo "2250"]
[BlackElo "2462"]
[Result "0-1"]
[Round "2"]
[TimeControl "180+1"]
[Date "2023.11.07"]
[WhiteClock "0:00:00"]
[BlackClock "0:00:10"]
[Board "144"]

1. e4 c5 2. c3 d5 3. exd5 Qxd5 4. d4 g6 5. Nf3 Bg7 6. Be2 cxd4 7. Nxd4 Nf6 8. O-O O-O 9. Bf3 Qa5 10. Nd2 a6 11. Nc4 Qc7 12. Qe2 e6 13. Bg5 Nbd7 14. Rad1 e5 15. Nb3 h6 16. Bh4 Re8 17. Nd6 Re6 18. Ne4 Nxe4 19. Bxe4 Nf6 20. Bxf6 Rxf6 21. Rd2 Rb6 22. Rfd1 Be6 23. Bd5 Rf8 24. Bxe6 Rxe6 25. Rd7 Qb6 26. Qe4 Rc6 27. h3 Rc7 28. Qd5 Rxd7 29. Qxd7 e4 30. Rd6 Qa7 31. Qe7 Qb8 32. Rd7 Qc8 33. Rxb7 Qf5 34. Rb4 Qh5 35. Rxe4 Qd1+ 36. Re1 Qc2 37. Qe2 Qf5 38. Nd4 Qa5 39. Nf3 Qxa2 40. Rd1 a5 41. Rd7 a4 42. Ne5 a3 0-1


[Site "https://www.chess.com"]

[Event "Titled Tuesday Blitz November 07 Late 2023"]
[White "Estrada Nieto, Julian"]
[Black "Quirke, Jeffrey"]
[WhiteFideId "5101018"]
[BlackFideId "2013029"]
[WhiteElo "2455"]
[BlackElo "2248"]
[Result "1/2-1/2"]
[Round "2"]
[TimeControl "180+1"]
[Date "2023.11.07"]
[WhiteClock "0:00:05"]
[BlackClock "0:00:05"]
[Board "145"]

1. e4 e6 2. d4 d5 3. Nd2 c5 4. exd5 Qxd5 5. Ngf3 cxd4 6. Bc4 Qd7 7. O-O Nc6 8. Nb3 a6 9. Nbxd4 Nxd4 10. Qxd4 Qxd4 11. Nxd4 b5 12. Be2 Bb7 13. c3 Bc5 14. Nb3 Bb6 15. a4 bxa4 16. Rxa4 Nf6 17. Rb4 Nd7 18. Be3 Bxe3 19. Rxb7 Bf4 20. Bf3 Ne5 21. Nd4 Nxf3+ 22. Nxf3 O-O 23. g3 Bd6 24. Rd1 Rfd8 25. Kg2 Kf8 26. Ng5 Be7 27. Rxd8+ Rxd8 28. Nf3 Bf6 29. g4 h6 30. h4 g6 31. g5 hxg5 32. hxg5 Bg7 33. Ra7 Rb8 34. Rxa6 Rxb2 35. Ra8+ Ke7 36. Ra7+ Kf8 37. c4 Rc2 38. Ra8+ Ke7 39. Ra7+ Ke8 40. Rc7 e5 41. c5 e4 42. Ne1 Rc3 43. Kf1 Be5 44. Rc8+ Kd7 45. Rf8 Ke7 46. Rc8 Ke6 47. Re8+ Kf5 48. Ng2 Rxc5 49. Ne3+ Kf4 50. Re7 Rc1+ 51. Ke2 Bd4 52. Rxf7+ Kxg5 53. Nd5 Rc2+ 54. Kd1 Rxf2 55. Re7 e3 56. Nxe3 Bxe3 57. Rxe3 Ra2 58. Ke1 Kf4 59. Re7 g5 60. Kf1 g4 61. Kg1 Kf3 62. Re1 g3 63. Rc1 Rg2+ 64. Kh1 Rh2+ 65. Kg1 Rg2+ 66. Kh1 Rh2+ 67. Kg1 Rg2+ 1/2-1/2


[Site "https://www.chess.com"]

[Event "Titled Tuesday Blitz November 07 Late 2023"]
[White "Jovic, Stanoje"]
[Black "Bazzano, Sebastian"]
[WhiteFideId "905020"]
[BlackFideId "104566"]
[WhiteElo "2454"]
[BlackElo "2239"]
[Result "1/2-1/2"]
[Round "2"]
[TimeControl "180+1"]
[Date "2023.11.07"]
[WhiteClock "0:00:34"]
[BlackClock "0:00:02"]
[Board "146"]

1. c4 Nf6 2. g3 g6 3. Bg2 Bg7 4. Nc3 c5 5. Nf3 O-O 6. O-O Nc6 7. d4 cxd4 8. Nxd4 Nxd4 9. Qxd4 d6 10. Bg5 a6 11. Qd2 Rb8 12. Rfd1 Be6 13. b3 b5 14. cxb5 axb5 15. Rac1 b4 16. Na4 Qa5 17. h3 Rfc8 18. e4 Bd7 19. f4 Bxa4 20. bxa4 Qxa4 21. Kh2 Rxc1 22. Rxc1 b3 23. axb3 Qxb3 24. e5 dxe5 25. fxe5 Nh5 26. Rc3 Qe6 27. Qd5 Qxd5 28. Bxd5 Bxe5 29. Re3 Bxg3+ 30. Kg2 Bf4 31. Rxe7 Bxg5 32. Rxf7 Kh8 33. Kf3 Bh6 34. h4 Rf8 35. Rxf8+ Bxf8 36. Bb7 Kg7 37. Kg4 Kf6 38. Bc6 Bb4 39. Bb7 Ng7 40. Bc6 h5+ 41. Kh3 Nf5 42. Ba4 Be1 43. Bc2 Bxh4 44. Bb1 Be1 45. Bc2 g5 46. Kg2 g4 47. Kf1 Bb4 48. Ba4 Kg5 49. Kg2 h4 50. Kh1 h3 51. Bc6 Kf4 52. Kh2 Ng3 53. Bd7 Nf1+ 54. Kh1 Bc5 55. Bxg4 Ng3+ 56. Kh2 Nf1+ 57. Kxh3 Ne3 58. Bc8 Nf5 59. Bxf5 1/2-1/2


[Site "https://www.chess.com"]

[Event "Titled Tuesday Blitz November 07 Late 2023"]
[White "Sarkar, Justin"]
[Black "Abduzhaparov"]
[WhiteFideId "2010011"]
[WhiteElo "2225"]
[BlackElo "2453"]
[Result "1/2-1/2"]
[Round "2"]
[TimeControl "180+1"]
[Date "2023.11.07"]
[WhiteClock "0:00:13"]
[BlackClock "0:00:06"]
[Board "147"]

1. e4 d6 2. d4 Nf6 3. Nc3 e5 4. d5 Be7 5. Bd3 O-O 6. Nce2 c6 7. c4 b5 8. dxc6 bxc4 9. Bxc4 Nxc6 10. Nf3 Ba6 11. Bxa6 Qa5+ 12. Nc3 Qxa6 13. Qe2 Qxe2+ 14. Kxe2 Nd4+ 15. Nxd4 exd4 16. Nd5 Rae8 17. Kd3 Ng4 18. Nxe7+ Rxe7 19. Kxd4 Nxf2 20. Re1 Rfe8 21. Bd2 Nxe4 22. Bb4 f5 23. Rac1 Rb7 24. Ba3 Reb8 25. Rc6 Rb6 26. Rec1 g6 27. Rc8+ Kf7 28. R1c7+ Ke6 29. Rxb8 Rxb8 30. Rxh7 a6 31. Rc7 Rb6 32. h4 Nf6 33. b3 Ne4 34. Rg7 Kf6 35. Rd7 Rc6 36. Bb4 Ke6 37. Rg7 Kf6 38. Rd7 Ke6 39. Rg7 Kf6 40. Rd7 1/2-1/2


[Site "https://www.chess.com"]

[Event "Titled Tuesday Blitz November 07 Late 2023"]
[White "Silvestre, Christian"]
[Black "Akhayan, Ruben"]
[WhiteFideId "30956269"]
[BlackFideId "204439"]
[WhiteElo "2201"]
[BlackElo "2444"]
[Result "0-1"]
[Round "2"]
[TimeControl "180+1"]
[Date "2023.11.07"]
[WhiteClock "0:00:04"]
[BlackClock "0:01:24"]
[Board "150"]

1. e4 e5 2. Bc4 Nf6 3. d3 Nc6 4. Nc3 Bb4 5. Bd2 O-O 6. a3 Bxc3 7. Bxc3 d5 8. exd5 Nxd5 9. Bd2 Re8 10. Ne2 Bg4 11. f3 Be6 12. O-O h6 13. Ng3 Nd4 14. Ne4 b6 15. Nc3 Nxc3 16. Bxc3 Bxc4 17. dxc4 c5 18. Qd3 Qf6 19. Rfe1 Rad8 20. Qe4 Qf5 21. Qxf5 Nxf5 22. Bxe5 Rd2 23. Bc3 Rde2 24. Rxe2 Rxe2 25. Re1 Rxc2 26. Re8+ Kh7 27. Ra8 Ne3 28. Rxa7 Rxg2+ 29. Kh1 Rc2 30. h3 Kg6 31. Rb7 f6 32. Rxb6 Kh5 33. Re6 Nf5 34. a4 Kh4 35. Re1 Kxh3 36. Kg1 Rg2+ 37. Kf1 Ng3# 0-1


[Site "https://www.chess.com"]

[Event "Titled Tuesday Blitz November 07 Late 2023"]
[White "szachmistrz2500"]
[Black "Chemin, Justo Reinaldo"]
[BlackFideId "2101580"]
[WhiteElo "2443"]
[BlackElo "2193"]
[Result "1-0"]
[Round "2"]
[TimeControl "180+1"]
[Date "2023.11.07"]
[WhiteClock "0:01:30"]
[BlackClock "0:00:00"]
[Board "151"]

1. Nf3 d5 2. g3 c6 3. Bg2 Bf5 4. O-O e6 5. d3 h6 6. Nbd2 Nf6 7. Qe1 Be7 8. e4 Bh7 9. b3 a5 10. a4 O-O 11. Bb2 Nbd7 12. Ne5 Nxe5 13. Bxe5 Nd7 14. Bb2 Bf6 15. e5 Be7 16. f4 b5 17. g4 bxa4 18. Rxa4 Nc5 19. Ra1 Bxd3 20. cxd3 Nxd3 21. Qb1 Qb6+ 22. Kh1 Nf2+ 23. Rxf2 Qxf2 24. Qd3 Qxf4 25. h3 Bb4 26. Nf3 c5 27. Rf1 c4 28. bxc4 dxc4 29. Qc2 c3 30. Bc1 Qc4 31. Nd2 Qd4 32. Nb3 Qc4 33. Rf4 Qb5 34. Bxa8 Rxa8 35. Qe4 Rd8 36. Nd4 Qc4 37. g5 Bc5 38. gxh6 Qxd4 39. Qg2 Qd1+ 40. Rf1 g6 41. Rxd1 Rxd1+ 42. Kh2 Rxc1 43. Qa8+ Kh7 44. Qxa5 Bg1+ 45. Kg2 Bd4 46. Qc7 Kxh6 47. Qxf7 Rc2+ 48. Kg3 Bxe5+ 49. Kf3 Rh2 50. Qf8+ Kg5 51. Qe7+ Bf6 52. Qc7 Rxh3+ 53. Kg2 Re3 54. Kf2 Re5 55. Kg3 Re3+ 56. Kf2 Re5 57. Kg3 Re3+ 58. Kg2 Re2+ 59. Kf1 Re5 60. Qc4 Rd5 61. Ke2 Rd2+ 62. Ke3 Rd4 63. Qc7 1-0


[Site "https://www.chess.com"]